 Dungeon Crawl Stone Soup version 0.19-a0-1247-gdb14cb7 (webtiles) character file.

519 TheGoonsmith the Conjurer (level 7, -2/36 HPs)
             Began as a Deep Elf Fire Elementalist on Aug 27, 2016.
             Slain by an ogre
             ... wielding a +0 giant club
              (16 damage)
             ... on level 4 of the Dungeon.
             The game lasted 00:10:08 (3399 turns).

TheGoonsmith the Conjurer (DEFE)                    Turns: 3399, Time: 00:10:10

Health: -2/36      AC:  4    Str:  5    XL:     7   Next: 1%
Magic:  2/17       EV: 13    Int: 22    God:
Gold:   91         SH:  0    Dex: 15    Spells: 4 memorised, 4 levels left

rFire  . . .     SeeInvis .     x - +1 whip (curse)
rCold  . . .     Gourm    .     a - +0 robe
rNeg   . . .     Faith    .     (no shield)
rPois  .         Spirit   .     (no helmet)
rElec  .         Dismiss  .     (no cloak)
rCorr  .         Reflect  .     (no gloves)
MR     .....     Harm     .     w - +1 pair of boots
Stlth  ++........               (no amulet)
                                (no ring)
                                (no ring)

@: very slightly contaminated
A: no striking features
a: no special abilities


You were on level 4 of the Dungeon.
You were not hungry.

You visited 1 branch of the dungeon, and saw 4 of its levels.

You collected 91 gold pieces.

Inventory:

Hand Weapons
 x - a cursed +1 whip (weapon)
Armour
 a - a +0 robe (worn)
 w - a +1 pair of boots (worn)
Wands
 A - a wand of lightning (9/15)
Scrolls
 j - a scroll of noise
 r - a scroll of identify
 s - 3 scrolls of remove curse
Potions
 k - a potion of lignification
 l - a potion of heal wounds
 v - a potion of curing {unknown}
Books
 b - a book of Flames

   Spells                             Type                      Level
   a - Flame Tongue                   Conjuration/Fire             1
   b - Throw Flame                    Conjuration/Fire             2
   c - Conjure Flame                  Conjuration/Fire             3
   d - Inner Flame                    Hexes/Fire                   3
   e - Sticky Flame                   Conjuration/Fire             4
   f - Fireball                       Conjuration/Fire             5
Comestibles
 c - a bread ration
 d - 3 chunks of flesh
 f - 10 fruits
 g - a slice of pizza
 o - a meat ration


   Skills:
 - Level 2.4 Dodging
 - Level 2.4 Stealth
 + Level 5.5 Spellcasting
 * Level 5.6 Conjurations
 + Level 5.3 Fire Magic


You had 4 spell levels left.
You knew the following spells:

 Your Spells              Type           Power        Failure   Level  Hunger
a - Flame Tongue          Conj/Fire      ####.        1%          1    None
c - Conjure Flame         Conj/Fire      ####....     3%          3    ##.....
f - Fireball              Conj/Fire      ####......   34%         5    #####..
s - Sticky Flame          Conj/Fire      ####....     12%         4    ####...


Dungeon Overview and Level Annotations

Branches:
Dungeon (4/15)
 Temple: D:4-7

Altars:
Nemelex Xobeh
The Shining One


Message History

You see here a stone.
You see here a stone.
Found a stone staircase leading down.
There is a stone staircase leading down here.
The ogre hits you with a giant club!
Some of the chunks of flesh in your inventory have rotted away.
There is a stone staircase leading up here.
Things that are here:
a -2 ring of protection; a -1 club; 2 potions of degeneration
Okay, then.
Casting: Conjure Flame
Confirm with . or Enter, or press ? or * to list all spells.
Aiming: Sticky Flame
Press: ? - help, Shift-Dir - straight line, f - ogre
Aim: an ogre, wielding a giant club (moderately wounded)
The sticky flame hits the ogre.
The ogre is severely wounded.
The ogre is covered in liquid flames!
The ogre burns!
The ogre hits you with a giant club!
You die...

######### #.......# #...>...#
#.......# #..@O...#
#.......### ##.........##
#.)......#..### .
#........##...##....
##).......##.........
...######..########.>##......
...e......## ###.## ###...
##.######## #...# ..


You could see an ogre (burning).

Vanquished Creatures
  Edmund (D:4)
  Duvessa (D:4)
  Jessica (D:2)
  3 orc wizards
  2 worker ants (D:4)
  6 adders
  An ooze (D:2)
  3 worms
  2 dart slugs
  5 giant geckos
  9 orcs
  5 bats
  4 giant cockroaches
  2 goblins
  9 hobgoblins
  3 jackals (D:2)
  3 giant newts
  5 kobolds
  7 rats
72 creatures vanquished.

Notes
Turn   | Place    | Note
-------+----------+-------------------------------------------
     0 | D:1      | TheGoonsmith the Deep Elf Fire Elementalist began the quest for the Orb.
     0 | D:1      | Reached XP level 1. HP: 10/10 MP: 6/6
   237 | D:1      | Reached XP level 2. HP: 15/15 MP: 5/8
   536 | D:2      | Reached XP level 3. HP: 17/19 MP: 5/9
   864 | D:2      | Reached XP level 4. HP: 24/24 MP: 3/11
  1268 | D:2      | Noticed Jessica
  1272 | D:2      | Killed Jessica
  1895 | D:3      | Reached XP level 5. HP: 21/28 MP: 4/13
  1986 | D:3      | Found a glowing golden altar of the Shining One.
  2296 | D:3      | Found a sparkling altar of Nemelex Xobeh.
  2965 | D:4      | Learned a level 4 spell: Sticky Flame
  2969 | D:4      | Learned a level 3 spell: Conjure Flame
  2975 | D:4      | Learned a level 5 spell: Fireball
  3013 | D:4      | Noticed Edmund
  3112 | D:4      | Noticed an ogre
  3116 | D:4      | Noticed Duvessa
  3172 | D:4      | Reached XP level 6. HP: 27/32 MP: 9/15
  3272 | D:4      | Killed Edmund
  3272 | D:4      | Reached skill level 5 in Spellcasting
  3272 | D:4      | Reached skill level 5 in Conjurations
  3272 | D:4      | Reached skill level 5 in Fire Magic
  3286 | D:4      | Killed Duvessa
  3347 | D:4      | Reached XP level 7. HP: 24/36 MP: 5/17
  3399 | D:4      | Slain by an ogre

Vault maps used:
D:1:      dpeg_arrival_arbitrary_c
D:2:      uniq_jessica
D:3:      overflow_temple_1_default, tso_metal_star
D:4:      first_bread, uniq_duvessa, uniq_edmund, uniq_eustachio

Skill      XL: |  1  2  3  4  5  6 |
---------------+-------------------+-----
Conjurations   | 2 3 4 5 |  5.6
Fire Magic     | 4 5 |  5.3
Spellcasting   | 4 5 |  5.5
Dodging        | |  2.4
Stealth        | |  2.4

Action                   |  1- 3 |  4- 6 |  7- 9 || total
-------------------------+-------+-------+-------++-------
 Cast: Flame Tongue      |    53 |   113 |     2 ||   168
       Sticky Flame      |       |     1 |     1 ||     2
       Conjure Flame     |       |     1 |       ||     1
  Use: Scroll            |       |    14 |       ||    14
       Potion            |       |     2 |       ||     2
  Eat: Chunk             |       |     8 |       ||     8
Armor: Robe              |     3 |     6 |       ||     9
Dodge: Dodged            |    10 |    22 |       ||    32
